 Dungeon Crawl Stone Soup version 0.29.1-1-gd02db6906a (webtiles) character file.

Game seed: 4820585506865505039

691 MisterFreud the Twirler (level 7, -2/56 HPs)
             Began as a Formicid Gladiator on Sept 29, 2022.
             Was an Initiate of Yredelemnul.
             Slain by a gnoll sergeant
             ... wielding a +2 spear of flaming
              (4 damage)
             ... on level 5 of the Dungeon.
             The game lasted 00:04:14 (4732 turns).

MisterFreud the Twirler (Formicid Gladiator)        Turns: 4732, Time: 00:04:15

Health: -2/56      AC:  5    Str: 20    XL:     7   Next: 95%
Magic:  7/7        EV: 12    Int:  8    God:    Yredelemnul [......]
Gold:   201        SH:  0    Dex: 15    Spells: 6/6 levels left

rFire   . . .      SeeInvis +   a - +0 quarterstaff
rCold   . . .      Faith    .   (no shield)
rNeg    . . .      Spirit   .   b - +0 leather armour
rPois   .          Reflect  .   (helmet unavailable)
rElec   .          Harm     .   (no cloak)
rCorr   .          Rampage  .   g - +1 pair of gloves
Will    .....                   (no boots)
Stlth   +.........              n - amulet of the acrobat
HPRegen 0.18/turn               (no ring)
MPRegen 0.10/turn               (no ring)

@: no status effects
A: permanent stasis, dig shafts and tunnels, antennae 3, four strong arms
a: Dig, Shaft Self, Renounce Religion, Recall Undead Harvest


You were on level 5 of the Dungeon.
You worshipped Yredelemnul.
Yredelemnul was noncommittal.
You visited 2 branches of the dungeon, and saw 6 of its levels.

You collected 251 gold pieces.
You spent 50 gold pieces at shops.

Inventory:

Hand Weapons
 a - a +0 quarterstaff (weapon)
Missiles
 c - 3 throwing nets
 d - a javelin
 m - 10 poisoned darts (quivered)
 v - 5 boomerangs
Armour
 b - a +0 leather armour (worn)
 g - a +1 pair of gloves (worn)
 r - a +0 tower shield
Jewellery
 h - a ring of flight
 n - an amulet of the acrobat (around neck)
Wands
 s - a wand of paralysis (4)
Scrolls
 e - 2 scrolls of poison
 p - a scroll of identify
 q - a scroll of teleportation {unknown}
 t - a scroll of enchant weapon {unknown}
 u - a scroll of torment {unknown}
 w - a scroll of brand weapon {unknown}
Potions
 f - 2 potions of invisibility
 i - a potion of flight {unknown}
 j - 2 potions of curing
 k - 4 potions of mutation {unknown}
 l - a potion of attraction {unknown}
 o - a potion of resistance {unknown}


   Skills:
 - Level 5.0 Fighting
 - Level 6.0 Staves
 - Level 2.0 Throwing
 + Level 4.9 Armour
 - Level 2.6 Dodging


You had 6 spell levels left.
You didn't know any spells.
Your spell library contained the following spells:

 Spells                   Type           Power      Damage    Failure   Level
 Frozen Ramparts          Ice            0%         1d1       83%         3
 Ice Form                 Ice/Tmut       0%         N/A       99%         4
 Summon Ice Beast         Ice/Summ       0%         N/A       99%         4


Dungeon Overview and Level Annotations

Branches:
Dungeon (5/15)             Temple (1/1) D:4

Altars:
Ashenzari
Cheibriados
Dithmenos
Elyvilon
Fedhas
Gozag
Kikubaaqudgha
Makhleb
Nemelex Xobeh
Okawaru
Qazlal
Ru
Sif Muna
Uskayaw
Vehumet
Wu Jian
Xom
Yredelemnul
Zin
The Shining One

Shops:
D:2 *

Portals:
Abyss: D:4

Annotations:
D:4 2 transporters, dittoslash's ghost, amateur GnWr


Innate Abilities, Weirdness & Mutations

You cannot be hasted, slowed, berserked, paralysed or teleported.
You can dig through walls and to a lower floor.
You have a pair of large antennae on your head. (SInv)
Your four strong arms can wield two-handed weapons with a shield.


Message History

The gnoll shouts!
You hear a shout!
Unknown command.
The ufetubus completely misses you. The ufetubus misses you. x2
The ufetubus completely misses you.
You hit the ufetubus.
The ufetubus is heavily wounded.
The ufetubus completely misses you. The ufetubus closely misses you.
You hit the ufetubus. Your punch misses the ufetubus.
The ufetubus is heavily wounded.
The ufetubus hits you. The ufetubus barely misses you.
The gnoll sergeant misses you. The ufetubus misses you. x2
You thump the ufetubus!
You kill the ufetubus!
A black mist starts to gather...
The gnoll sergeant hits you from afar with a +2 spear of flaming!
The gnoll sergeant burns you. The gnoll sergeant closely misses you.
You thump the gnoll sergeant! Your punch misses the gnoll sergeant.
The gnoll sergeant is heavily wounded.
The gnoll sergeant hits you with a +2 spear of flaming.
The gnoll sergeant burns you.
You completely miss the gnoll sergeant.
The gnoll sergeant is heavily wounded.
The gnoll sergeant closely misses you.
You closely miss the gnoll sergeant.
The gnoll sergeant is heavily wounded.
The gnoll sergeant hits you with a +2 spear of flaming!
The gnoll sergeant burns you.
You sock the gnoll sergeant!
The gnoll sergeant is severely wounded.
The gnoll sergeant hits you with a +2 spear of flaming!
The gnoll sergeant burns you.
* * * LOW HITPOINT WARNING * * *
You barely miss the gnoll sergeant.
The gnoll sergeant is severely wounded.
The gnoll sergeant hits you with a +2 spear of flaming!
* * * LOW HITPOINT WARNING * * *
The gnoll sergeant burns you.
You die...
Your body rises from the dead as a mindless zombie. ######### #.......# #.......# ####.### #.....g# {{#.##{#g# g. #.#g########### #gg

..#@##........##
##
####Z##.#####...#
#....# #...#
###### #...#
#.### #.# #.#
###.### ....
#.....#


You could see a gnoll sergeant (ally target), 2 gnolls and a friendly spectral
ufetubus.

Vanquished Creatures
  Sigmund (D:2)
  A wyvern (D:4)
  An ogre (D:4)
  2 scorpions
  An iguana (D:4)
  2 adders
  2 ufetubi
  A dart slug (D:3)
  2 orcs
  2 endoplasms (D:4)
  2 giant cockroaches
  12 goblins
  5 hobgoblins
  6 quokkas
  7 ball pythons
  4 bats
  5 frilled lizards
  5 kobolds
61 creatures vanquished.

Vanquished Creatures (collateral kills)
  An ogre (D:4)
  A dart slug (D:3)
2 creatures vanquished.

Vanquished Creatures (others)
  A ball python zombie (D:4)
  A quokka zombie (D:4)
2 creatures vanquished.

Grand Total: 65 creatures vanquished

Notes
Turn   | Place    | Note
-------+----------+-------------------------------------------
     0 | D:1      | MisterFreud the Formicid Gladiator began the quest for the
                  | Orb.
     0 | D:1      | Reached XP level 1. HP: 16/16 MP: 1/1
   147 | D:1      | Reached XP level 2. HP: 19/22 MP: 2/2
   919 | D:2      | Reached skill level 4 in Staves
   919 | D:2      | Reached XP level 3. HP: 24/27 MP: 3/3
   955 | D:2      | Identified the +7 short sword "Xablumife" {drain, rPois rC-
                  | Str+3}
  1056 | D:2      | Noticed Sigmund
  1058 | D:2      | Found Axtakkid's Assorted Antiques.
  1064 | D:2      | Killed Sigmund
  1065 | D:2      | Reached skill level 6 in Staves
  1065 | D:2      | Reached XP level 4. HP: 34/34 MP: 4/4
  1065 | D:2      | Reached XP level 5. HP: 39/39 MP: 5/5
  1091 | D:2      | Bought a scroll labelled SOOR HYPSUL for 25 gold pieces
  1091 | D:2      | Bought a scroll labelled FOQOOD YJYCYOD for 25 gold pieces
  1679 | D:3      | Reached XP level 6. HP: 35/46 MP: 6/6
  1875 | D:3      | You fall into a shaft and drop 1 floor!
  1888 | D:4      | Found a staircase to the Ecumenical Temple.
  1898 | Temple   | Entered the Ecumenical Temple
  2318 | Temple   | Became a worshipper of Yredelemnul the Dark
  2430 | D:4      | Noticed an ogre
  2441 | D:4      | Killed an ogre
  2777 | D:4      | Noticed an ogre
  2784 | D:4      | Killed an ogre
  2785 | D:4      | Reached skill level 5 in Fighting
  2785 | D:4      | Reached XP level 7. HP: 56/56 MP: 7/7
  2946 | D:4      | Found a transporter.
  2965 | D:4      | Found a transporter.
  2976 | D:4      | Found a one-way gate to the infinite horrors of the Abyss.
  2976 | D:4      | Noticed dittoslash's ghost (amateur GnWr)
  3014 | D:4      | Reached * piety under Yredelemnul
  4248 | D:5      | Entered Level 5 of the Dungeon
  4374 | D:5      | Noticed a wyvern
  4387 | D:4      | Killed a wyvern
  4732 | D:5      | HP: 2/56 [gnoll sergeant/+2 spear of flaming (12)]
  4732 | D:5      | Slain by a gnoll sergeant

Illustrated notes

Levels and vault maps discovered:
D:1:      minmay_arrival_five_plusses, layout_loops_ring
D:2:      layout_loops_ring, serial_shops, shop, uniq_sigmund
D:3:      layout_loops_ring, roderic_serpentine_path, minmay_three_crescents
D:4:      layout_basic, minmay_temple_entry_mini_moons,
          gammafunk_ghost_abyssal_escape
D:5:      layout_loops_cross, mainiacjoe_overflow_surrounded_room,
          hangedman_glass_teeth, minmay_ogre_servants
Temple:   mainiacjoe_temple_big_plus

Skill      XL: |  1  2  3  4  5  6  7 |
---------------+----------------------+-----
Staves         | 4 6 |  6.0
Fighting       | 5 |  5.0
Armour         | 2 4 |  4.9
Throwing       | |  2.0
Dodging        | |  2.6

Action                   |  1- 3 |  4- 6 |  7- 9 || total
-------------------------+-------+-------+-------++-------
Melee: Quarterstaff      |    57 |    72 |    71 ||   200
       Punch             |       |     3 |       ||     3
Throw: Dart              |       |     3 |       ||     3
  Use: Scroll            |     5 |     5 |       ||    10
 Stab: Sleeping          |     1 |     1 |       ||     2
       Distracted        |       |       |     1 ||     1
Armor: Leather armour    |    14 |    17 |    18 ||    49
Dodge: Dodged            |    32 |    44 |    57 ||   133
